 Dungeon Crawl Stone Soup version 0.28-a0-8-g6e044cfa68 (webtiles) character file.

Game seed: 14389057187400252221

14 Zonian the Magician (level 2, 0/21 HPs)
             Began as a Djinni Conjurer on July 24, 2021.
             Slain by a kobold (1 damage)
             ... on level 1 of the Dungeon.
             The game lasted 00:01:40 (694 turns).

Zonian the Magician (Djinni Conjurer)                Turns: 694, Time: 00:01:40

Health: 0/21       AC:  2    Str:  6    XL:     2   Next: 55%
Gold:   0          EV: 12    Int: 19    God:
                   SH:  0    Dex: 11

rFire   + + .      SeeInvis .   d - +0 short sword
rCold   x . .      Faith    .   (no shield)
rNeg    . . .      Spirit   .   a - +0 robe
rPois   ∞          Reflect  .   (no helmet)
rElec   .          Harm     .   (no cloak)
rCorr   .          Rampage  .   (no gloves)
Will    .....                   (boots unavailable)
Stlth   ++........              (no amulet)
HPRegen 0.07/turn               (no ring)
MPRegen 0.00/turn               (no ring)

@: flying
A: sickness immunity, fire resistance 2, cold vulnerability 1, float, innate
caster, hp casting, extra vitality 1
a: no special abilities


You were on level 1 of the Dungeon.
You visited 1 branch of the dungeon, and saw 1 of its levels.

Inventory:

Hand Weapons
 d - a +0 short sword (weapon)
Missiles
 c - 32 sling bullets
Armour
 a - a +0 robe (worn)
Potions
 b - a potion of haste {unknown}


   Skills:
 + Level 2.1 Dodging
 + Level 1.5 Stealth
 + Level 3.7 Spellcasting


You couldn't memorise any spells.
You knew the following spells:

 Your Spells              Type           Power      Damage    Failure   Level
a - Magic Dart            Conj           68%        1d6       3%          1
b - Searing Ray           Conj           34%        3d4       4%          2
c - Dazzling Flash        Conj/Hex       34%        N/A       9%          3
d - Fulminant Prism       Conj/Hex       8%         3d7       30%         4
e - Iskenderun's Mystic   Conj/Tloc      17%        2d5       30%         4
Your spell library was empty.

Dungeon Overview and Level Annotations

Branches:
Dungeon (1/15)

Altars:


Innate Abilities, Weirdness & Mutations

You are immune to sickness and miasma.
You are immune to poison.
Your flesh is very heat resistant. (rF++)
You are vulnerable to cold. (rC-)
You float through the air rather than walking.
You learn spells naturally, not from books.
Your magical power is your life essence.
You have superior vitality. (+4 HP)


Message History

There is an open door here.
The jackal barely misses you.
You hit the jackal.
You kill the jackal!
The kobold throws a stone.
The stone barely misses you.
The stone hits the plant.
The plant begins to die.
The kobold hits you with a +0 club.
* * * LOW HITPOINT WARNING * * *
Unknown command.
You hit the kobold but do no damage. The kobold hits you with a +0 club.
* * * LOW HITPOINT WARNING * * *
You barely miss the kobold. The kobold barely misses you.
Unknown command.
A nearby plant withers and dies.
The kobold throws a stone.
The stone hits you.
* * * LOW HITPOINT WARNING * * *
The kobold throws a stone.
The stone closely misses you.
The kobold throws a stone.
The stone completely misses you.
The kobold throws a stone.
The stone barely misses you.
Unknown command.
The rat closely misses you.
You hit the plant but do no damage. The rat closely misses you.
The kobold closely misses you.
Unknown command.
You closely miss the rat. The rat barely misses you. The kobold misses you.
You barely miss the rat. The rat closely misses you.
The kobold hits you but does no damage.
Unknown command.
You barely miss the rat. The kobold hits you but does no damage.
The rat barely misses you.
Unknown command.
You hit the rat.
The rat is severely wounded.
The rat bites you.
* * * LOW HITPOINT WARNING * * *
The kobold barely misses you.
You hit the rat.
You kill the rat!
The kobold hits you with a +0 club.
You die...

#+#......#.....
#.##...........
#.##.....r#†...
#.##....>...#.#
##.##........#..
##...###.........
##..P..#####......
#####.......#####.#...
+....@P.w.......'.....
#####.K.....#####.....
##..P..## #.÷##..
##...#### #.###..
##.##..###.###..
#.##........#..
#.##........#..
#.##........#..
#+#.........###


You could see a dart slug and a kobold.

Vanquished Creatures
  2 bats (D:1)
  A goblin (D:1)
  5 jackals (D:1)
  A ball python (D:1)
  A kobold (D:1)
  3 rats (D:1)
13 creatures vanquished.

Vanquished Creatures (others)
  A plant (D:1)
1 creature vanquished.

Grand Total: 14 creatures vanquished

Notes
Turn   | Place    | Note
-------+----------+-------------------------------------------
     0 | D:1      | Zonian the Djinni Conjurer began the quest for the Orb.
     0 | D:1      | Reached XP level 1. HP: 15/15 MP: 0/0
   493 | D:1      | Reached XP level 2. HP: 20/21 MP: 0/0
   679 | D:1      | HP: 1/21 [kobold/stone (1)]
   693 | D:1      | HP: 1/21 [rat (1)]
   694 | D:1      | Slain by a kobold

Illustrated notes

Levels and vault maps discovered:
D:1:      evilmike_arrival_plus, layout_rooms,
          hellmonk_ecumenical_altar_watching_god

Action                   || total
-------------------------++-------
Melee: Short sword       ||    11
 Cast: Magic Dart        ||    21
Armor: Robe              ||     3
Dodge: Dodged            ||    19

Table legend: (Time is in decaauts)
 A = Elapsed time spent in this place.
 B = Non-inter-level travel time spent in this place.
 C = Inter-level travel time spent in this place.
 D = Time resting spent in this place.
 E = Time spent auto-exploring this place.
 F = Levels seen in this place.
 G = Mean time per level.
                   A        B        C        D        E       F      G
               +--------+--------+--------+--------+--------+-----+--------+
         Total |    694 |    694 |      0 |    483 |    112 |   1 |  694.0 |
       Dungeon |    694 |    694 |      0 |    483 |    112 |   1 |  694.0 |
               +--------+--------+--------+--------+--------+-----+--------+

Top non-repeatable levels by time:
     D:1: 694 daAuts
